 Dungeon Crawl Stone Soup version 0.31-a0-1370-gf52a5a9ab3 (webtiles) character file.

Game seed: 16098265701232679904

2086 MisterAzrael the Fighter (level 9, -2/74 HPs)
             Began as a Djinni Fire Elementalist on Dec 24, 2023.
             Was an Initiate of Ashenzari.
             Killed by an exploding jelly (7 damage)
             ... ignited by their inner flame
             ... on level 7 of the Dungeon.
             The game lasted 00:21:05 (7804 turns).

MisterAzrael the Fighter (Djinni Fire Elementalist) Turns: 7804, Time: 00:21:06

Health: -2/74      AC: -5    Str:  7    XL:     9   Next: 51%
Gold:   295        EV: 12    Int: 22    God:    Ashenzari [......] SH:  0 Dex: 13

rFire   + + .        h - +0 dagger (holy)
rCold   x . .        (no shield)
rNeg    . . .        a - +0 robe
rPois   ∞            s - +0 helmet of Ashenzari's Inaction {Sorc, Elem} (curse)
rElec   .            (no cloak)
rCorr   .            (no gloves)
SInv    .            (boots unavailable)
Will    .....        v - amulet of regeneration
Stlth   ++           (no ring)
HPRegen 1.12/turn    (no ring)
MPRegen 0.00/turn

%: infuse magic (-3 HP)
@: corroded, flying
A: sickness immunity, fire resistance 2, cold vulnerability 1, float, innate
caster, HP casting, extra vitality 1
a: Renounce Religion, Curse Item, Shatter the Chains


You were on level 7 of the Dungeon.
You worshipped Ashenzari.
Ashenzari was noncommittal.
You visited 1 branch of the dungeon, and saw 7 of its levels.

You collected 295 gold pieces.

Inventory:

Hand Weapons
 e - a +0 scythe
 h - a +0 dagger of holy wrath (weapon)
Armour
 a - a +0 robe (worn)
 s - the cursed +0 helmet of Ashenzari's Inaction (worn) {Sorc, Elem}
   (You found it on level 5 of the Dungeon)

   It has a curse which improves the following skills: Sorcery: Conjurations and
   Alchemy.
   Elements:  Fire Magic, Ice Magic, Air Magic and Earth Magic.
Jewellery
 v - an amulet of regeneration (around neck)
 y - a ring of see invisible
Talismans
 r - a flux talisman
Wands
 m - a wand of flame (43)
 t - a wand of light (11)
 E - a wand of iceblast (7)
Scrolls
 c - a scroll of enchant armour {unknown}
 d - a scroll of amnesia {unknown}
 f - 2 scrolls of fog {unknown}
 g - 5 scrolls of vulnerability {unknown}
 l - 2 scrolls of silence {unknown}
 o - 5 scrolls of identify {unknown}
 p - 3 scrolls of teleportation {unknown}
 u - a scroll of revelation {unknown}
 w - 2 scrolls of poison {unknown}
 x - a scroll of fear {unknown}
Potions
 b - 2 potions of might {unknown}
 i - a potion of heal wounds {unknown}
 k - a potion of mutation {unknown}
 n - 3 potions of invisibility {unknown}
 q - 2 potions of resistance {unknown}
 z - 2 potions of enlightenment {unknown}
 A - a potion of magic {unknown}
 B - a potion of berserk rage {unknown}
 C - 2 potions of attraction {unknown}
 D - a potion of degeneration {unknown}


   Skills:
 * Level 9.7 Fighting
 - Level 2.1 Dodging
 - Level 1.5 Stealth
 + Level 6.2 Spellcasting
 + Level 6.2(6.6) Conjurations
 + Level 6.2 Hexes
 + Level 6.2 Summonings
 + Level 6.2 Necromancy
 + Level 6.2 Translocations
 + Level 6.2(6.6) Fire Magic
 + Level 6.2(6.6) Ice Magic
 + Level 6.2(6.6) Air Magic
 + Level 6.2(6.6) Earth Magic
 + Level 6.2(6.6) Alchemy


You knew the following spells:

 Your Spells              Type           Power      Damage    Failure   Level
a - Foxfire               Conj/Fire      100%       2x1d9     1%          1
b - Scorch                Fire           72%        2d8       1%          2
c - Volatile Blastmotes   Fire/Tloc      70%        2d15      1%          3
d - Inner Flame           Hex/Fire       35%        N/A       1%          3
e - Flame Wave            Conj/Fire      36%        2d10      6%          4
f - Slow                  Hex            100%       N/A       1%          1
g - Static Discharge      Conj/Air       72%        3-6/arc   1%          2
h - Searing Ray           Conj           72%        2d7       1%          2
i - Fulminant Prism       Conj/Alch      18%        3d10      6%          4
Your spell library was empty.

Dungeon Overview and Level Annotations

Branches:
Dungeon (7/15)             Temple (0/1) D:7

Altars:
Ashenzari
Fedhas
Hepliaklqana
Qazlal
Xom
Zin

Shops:
D:2 =   D:7 !:(


Innate Abilities, Weirdness & Mutations

You are immune to sickness and miasma.
You are immune to poison.
Your flesh is very heat resistant. (rF++)
You are vulnerable to cold. (rC-)
You float through the air rather than walking.
You learn spells naturally, not from books.
Your magical power is your life essence.
You have superior vitality. (+4 MHP)


Message History

Casting: Foxfire (safe; 1% risk of failure)
Confirm with . or Enter, or press ? or * to list all spells.
You conjure some foxfire!
The jelly hits you.
You are splashed with acid!
Your foxfire dissipates!
The jelly misses you. The jelly attacks as it pursues you! The jelly hits you.
You are splashed with acid.
Casting: Foxfire (safe; 1% risk of failure)
Confirm with . or Enter, or press ? or * to list all spells.
Aiming: Inner Flame (safe; 1% risk of failure)
Press: ? - help, Dir - move target, f - jelly
Aim: a jelly (almost dead, chance to affect: 91%)
The jelly barely resists.
* * * LOW HITPOINT WARNING * * *
The jelly closely misses you.
Casting: Inner Flame (safe; 1% risk of failure)
Confirm with . or Enter, or press ? or * to list all spells.
Aiming: Inner Flame (safe; 1% risk of failure)
Press: ? - help, Dir - move target, f/p - jelly
Aim: a jelly (almost dead, chance to affect: 91%)
The jelly is filled with an inner flame.
* * * LOW HITPOINT WARNING * * *
The jelly hits you.
* * * LOW HITPOINT WARNING * * *
You are splashed with acid!
* * * LOW HITPOINT WARNING * * *
Casting: Inner Flame (safe; 1% risk of failure)
Confirm with . or Enter, or press ? or * to list all spells.
Okay, then.
You feel better. The jelly hits you.
* * * LOW HITPOINT WARNING * * *
You are splashed with acid!
* * * LOW HITPOINT WARNING * * *
Casting: Inner Flame (safe; 1% risk of failure)
Confirm with . or Enter, or press ? or * to list all spells.
Flames lash the jelly.
* * * LOW HITPOINT WARNING * * *
The jelly explodes!
The fiery explosion engulfs you! You resist.
You die...

############
.........§§#
############.#
#..........§@#
#####.############.#
............. ..#.#
.####.########## #.#.#
..............># #.#.#
.####.######.#.# #.#.#
..###.# #.#.# #.#.#
......# #...# #.#.#
......######...###.#.#


There were no monsters in sight!

Vanquished Creatures
  Sigmund (D:3)
  4 water moccasins
  A sky beast (D:7)
  An ice beast (D:7)
  An ogre (D:5)
  A phantom (D:5)
  A bullfrog (D:6)
  3 scorpions
  A gnoll sergeant (D:5)
  2 hounds
  An orc priest (D:6)
  A jelly (D:7)
  Jessica (D:3)
  7 iguanas
  Ijyb (D:4)
  5 orc wizards
  14 gnolls
  12 adders
  A shadow imp (D:7)
  A bombardier beetle (D:2)
  2 white imps
  2 ufetubi (D:7)
  4 worms
  5 dart slugs
  21 orcs
  6 ball pythons
  7 bats
  9 endoplasms
  10 giant cockroaches
  6 goblins
  14 hobgoblins
  3 quokkas
  4 frilled lizards
  2 kobolds (D:1)
  6 rats
161 creatures vanquished.

Vanquished Creatures (others)
  300 foxfires
  2 fulminant prisms (D:6)
302 creatures vanquished.

Grand Total: 463 creatures vanquished

Notes
Turn   | Place    | Note
-------+----------+-------------------------------------------
     0 | D:1      | MisterAzrael the Djinni Fire Elementalist began the quest
                  | for the Orb.
     0 | D:1      | MisterAzrael set off with the following spells memorised:
                  | Foxfire, Scorch, Volatile Blastmotes, Inner Flame, Flame
                  | Wave.
     0 | D:1      | Reached XP level 1. HP: 15/15 MP: 0/0
   162 | D:1      | Reached skill level 1 in Fighting
   162 | D:1      | Reached XP level 2. HP: 19/22 MP: 0/0
   340 | D:1      | Reached XP level 3. HP: 25/28 MP: 0/0
   340 | D:1      | Learned a level 1 spell: Slow
   426 | D:1      | Reached skill level 2 in Fighting
   924 | D:2      | Found a faded altar of an unknown god.
   948 | D:2      | Reached XP level 4. HP: 8/34 MP: 0/0
  1282 | D:2      | Found Etesuikh's Jewellery Emporium.
  1685 | D:3      | Reached skill level 3 in Fighting
  1695 | D:3      | Noticed a water moccasin
  1701 | D:3      | Killed a water moccasin
  1702 | D:3      | Reached skill level 4 in Fighting
  1702 | D:3      | Reached XP level 5. HP: 30/41 MP: 0/0
  1702 | D:3      | Learned a level 2 spell: Static Discharge
  1805 | D:3      | Reached XP level 6. HP: 15/47 MP: 0/0
  1809 | D:3      | Noticed Sigmund
  1823 | D:3      | Killed Sigmund
  1824 | D:3      | Reached skill level 5 in Fighting
  2009 | D:3      | HP: 1/49 [gnoll/+0 whip (6)]
  2011 | D:3      | Reached XP level 7. HP: 1/54 MP: 0/0
  2011 | D:3      | Learned a level 2 spell: Searing Ray
  2515 | D:3      | Noticed Jessica
  2522 | D:3      | Killed Jessica
  3434 | D:3      | Found a hazy altar of Hepliaklqana.
  3639 | D:4      | Reached skill level 6 in Fighting
  3815 | D:4      | Found a blossoming altar of Fedhas.
  4021 | D:4      | Found a broken altar of Ashenzari.
  4026 | D:4      | Noticed Ijyb
  4028 | D:4      | Became a worshipper of Ashenzari the Shackled
  4048 | D:4      | Killed Ijyb
  4297 | D:5      | Entered Level 5 of the Dungeon
  4352 | D:5      | Reached XP level 8. HP: 26/62 MP: 0/0
  4608 | D:5      | Found a stormy altar of Qazlal.
  4713 | D:5      | Reached skill level 5 in Spellcasting
  4713 | D:5      | Reached skill level 5 in Conjurations
  4713 | D:5      | Reached skill level 5 in Hexes
  4713 | D:5      | Reached skill level 5 in Summonings
  4713 | D:5      | Reached skill level 5 in Necromancy
  4713 | D:5      | Reached skill level 5 in Translocations
  4713 | D:5      | Reached skill level 5 in Fire Magic
  4713 | D:5      | Reached skill level 5 in Ice Magic
  4713 | D:5      | Reached skill level 5 in Air Magic
  4713 | D:5      | Reached skill level 5 in Earth Magic
  4713 | D:5      | Reached skill level 5 in Alchemy
  4729 | D:5      | Reached skill level 7 in Fighting
  5792 | D:6      | Reached skill level 8 in Fighting
  6151 | D:6      | Found a shimmering altar of Xom.
  6348 | D:6      | Reached XP level 9. HP: 50/71 MP: 0/0
  6348 | D:6      | Learned a level 4 spell: Fulminant Prism
  6501 | D:6      | Found a glowing silver altar of Zin.
  7016 | D:7      | Reached skill level 9 in Fighting
  7042 | D:7      | Found Jouhaf's Book Boutique.
  7087 | D:7      | Found Nuhaexke's Distillery.
  7345 | D:7      | Found a staircase to the Ecumenical Temple.
  7369 | D:7      | Found Qocwo's Antique Weapon Boutique.
  7804 | D:7      | Killed by an exploding jelly... ignited by their inner
                  | flame

Illustrated notes

Levels and vault maps discovered:
D:1:      lemuel_arrival_muddy, layout_basic
D:2:      layout_basic, hellmonk_ecumenical_altar_blasted, serial_shops, shop
D:3:      layout_loops_ring, mainiacjoe_overflow_alcove_4,
          vehumet_altar_wand_db, portal_sewer_entry_e, uniq_jessica,
          uniq_sigmund
D:4:      layout_rooms, nicolae_ashenzari_skybound, fedhas_altar_4, uniq_ijyb
D:5:      layout_basic, nicolae_qazlal_general_emergency,
          minmay_misc_feat_plants, nicolae_titane
D:6:      layout_loops_ring, nicolae_overflow_hidden_temple,
          nicolae_overflow_crystal_walls
D:7:      layout_basic, minmay_temple_entry_mist, serial_shops, shop, shop,
          nicolae_book_shop_shelving

Skill      XL: |  1  2  3  4  5  6  7  8  9 |
---------------+----------------------------+-----
Fighting       | 1 2 4 5 6 8 9 |  9.7
Spellcasting   | 4 5 6 |  6.2
Conjurations   | 4 5 6 |  6.2
Hexes          | 4 5 6 |  6.2
Summonings     | 4 5 6 |  6.2
Necromancy     | 4 5 6 |  6.2
Translocations | 4 5 6 |  6.2
Fire Magic     | 4 5 6 |  6.2
Ice Magic      | 4 5 6 |  6.2
Air Magic      | 4 5 6 |  6.2
Earth Magic    | 4 5 6 |  6.2
Alchemy        | 4 5 6 |  6.2
Dodging        | |  2.1
Stealth        | |  1.5

Action                     |  1- 3 |  4- 6 |  7- 9 || total
---------------------------+-------+-------+-------++-------
  Melee: Dagger            |     1 |       |     4 ||     5
   Cast: Foxfire           |    61 |    40 |    81 ||   182
         Inner Flame       |     3 |     7 |    40 ||    50
         Scorch            |     2 |     7 |    19 ||    28
         Volatile Blastmot |       |       |    12 ||    12
         Static Discharge  |       |       |     9 ||     9
         Flame Wave        |       |       |    13 ||    13
         Searing Ray       |       |       |     3 ||     3
         Fulminant Prism   |       |       |     2 ||     2
 Invoke: Curse Item        |       |       |     1 ||     1
    Use: Potion            |       |     2 |     1 ||     3
         Scroll            |       |       |     1 ||     1
 Armour: Robe              |    16 |    17 |    99 ||   132
  Dodge: Dodged            |    17 |     9 |    54 ||    80

Table legend: (Time is in decaauts)
 A = Elapsed time spent in this place.
 B = Non-inter-level travel time spent in this place.
 C = Inter-level travel time spent in this place.
 D = Time resting spent in this place.
 E = Time spent auto-exploring this place.
 F = Levels seen in this place.
 G = Mean time per level.
                   A        B        C        D        E       F      G
               +--------+--------+--------+--------+--------+-----+--------+
         Total |   7803 |   7644 |    159 |   2144 |   4310 |   7 | 1114.7 |
       Dungeon |   7803 |   7644 |    159 |   2144 |   4310 |   7 | 1114.7 |
               +--------+--------+--------+--------+--------+-----+--------+

Top non-repeatable levels by time:
     D:3: 1915 daAuts
     D:5: 1483 daAuts
     D:6: 1017 daAuts
     D:7: 1004 daAuts
     D:1: 864 daAuts
     D:2: 777 daAuts
     D:4: 739 daAuts
